 Dungeon Sprint DCSS version 0.26-a0-683-g5206c1d7ac (webtiles) character file.

Game seed: 2609071601286530521

16436 jfcaron the Imperceptible (level 12, 0/57 HPs)
             Began as a Spriggan Enchanter on Oct 22, 2020.
             Was the Champion of Wu Jian.
             Slain by a lorocyproca (21 damage)
             ... in the Dungeon (Sprint I: "Red Sonja").
             The game lasted 00:32:49 (2957 turns).

jfcaron the Imperceptible (Spriggan Enchanter)      Turns: 2957, Time: 00:32:50

Health: 0/57       AC: 10    Str:  4    XL:     12   Next: 10%
Magic:  0/22       EV: 37    Int: 17    God:    Wu Jian [******]
Gold:   407        SH:  0    Dex: 27    Spells: 11/23 levels left

rFire    + + .     SeeInvis +   b - +2 rapier of Abiaxac {drain, rF++ Dex+4}
rCold    . . .     Faith    .   (shield restricted)
rNeg     . . .     Spirit   .   o - +1 steam dragon scales
rPois    .         Reflect  .   (helmet restricted)
rElec    .         Harm     .   p - +2 cloak {MR+}
rCorr    .         Rampage  .   (gloves unavailable)
MR       +++..     Rnd*Rage +   (boots unavailable) Stlth ++++......NoTele +
                                k - amulet of magic regeneration
HPRegen  0.19/turn              (no ring)
MPRegen  0.43/turn              (no ring)

@: mighty, heavenly storm, glowing, very quick
A: very small, unfitting armour, horns 1, see invisible, agile 1, berserk 1,
speed 3, frail 1
a: Wall Jump, Serpent's Lash, Heavenly Storm, Renounce Religion


You were in the Dungeon.
You worshipped Wu Jian.
Wu Jian was exalted by your worship.
You visited 1 branch You collected 2348 gold pieces.
You spent 1941 gold pieces at shops.

Inventory:

Hand Weapons
 a - a +1 dagger of venom
 b - the +2 rapier of Abiaxac (weapon) {drain, rF++ Dex+4}
   (You found it in the Dungeon)

   A truly terrible weapon, it drains the life of those it strikes.
   It affects your dexterity (+4).
   It greatly protects you from fire.
Missiles
 c - 9 curare-tipped darts {!f}
 h - 52 stones (quivered)
 l - a throwing net {!f}
 n - 31 arrows
Armour
 o - +1 steam dragon scales (worn)
 p - a +2 cloak of magic resistance (worn)
Jewellery
 k - an amulet of magic regeneration (around neck)
Scrolls
 i - a scroll of blinking
 j - 2 scrolls of amnesia
 r - 2 scrolls of remove curse
 u - 3 scrolls of fear
 x - 3 scrolls of fog
Potions
 d - 2 potions of curing
 e - 2 potions of heal wounds
 f - a potion of haste
 g - 2 potions of magic
 m - a potion of flight
 q - 2 potions of lignification
 s - a potion of resistance
 v - a potion of stabbing
 w - 2 potions of ambrosia
 z - a potion of might
 A - a potion of brilliance


   Skills:
 + Level 7.9 Fighting
 + Level 12.4 Short Blades
 - Level 3.7 Armour
 + Level 17.4 Dodging
 + Level 23.6 Stealth
 - Level 6.3 Spellcasting
 - Level 3.0 Conjurations
 + Level 16.8 Hexes
 - Level 5.0 Ice Magic


You had 11 spell levels left.
You knew the following spells:

 Your Spells              Type           Power        Failure   Level
a - Corona                Hex            ######.      0%          1
b - Ensorcelled Hibernat  Hex/Ice        #####.       1%          2
c - Tukima's Dance        Hex            ######..     1%          3
d - Confusing Touch       Hex            ######..     1%          3
e - Dazzling Flash        Conj/Hex       #####.       1%          3

Your spell library contained the following spells:

 Spells                   Type           Power        Failure   Level


Dungeon Overview and Level Annotations

Branches:
Dungeon (1/1)

Altars:
Cheibriados
Dithmenos
Elyvilon
Fedhas
Gozag
Hepliaklqana
Kikubaaqudgha
Makhleb
Nemelex Xobeh
Okawaru
Qazlal
Ru
Sif Muna
Trog
Uskayaw
Vehumet
Wu Jian
Xom
Yredelemnul
Zin
The Shining One
Jiyva
Lugonu

Shops:
D !(=(?!*!(==[[(*:!*[[?

Annotations:
D exclusion: oklob plant


Innate Abilities, Weirdness & Mutations

You are very small and have problems with some larger weapons.
You are too small for most types of armour.
You have supernaturally acute eyesight. (SInv)
You cover ground extremely quickly.
You have a pair of small horns on your head.
You are agile. (Dex +2)
You tend to lose your temper in combat.
You are frail. (-10% HP)


Message History

The lorocyproca is heavily wounded.
You closely miss the lorocyproca.
You headbutt the lorocyproca, but do no damage.
The lorocyproca is heavily wounded.
The lorocyproca completely misses you.
You hit the lorocyproca but do no damage.
The lorocyproca is heavily wounded.
You barely miss the lorocyproca.
The lorocyproca is heavily wounded.
The lorocyproca hits you!!
* * * LOW HITPOINT WARNING * * *
You feel your power leaking away.
You puncture the lorocyproca! You headbutt the lorocyproca!
The lorocyproca is severely wounded.
You feel much better. The lorocyproca hits you.
You feel your power leaking away.
You closely miss the lorocyproca. You headbutt the lorocyproca.
The lorocyproca is severely wounded.
The lorocyproca hits you!!
You die...

#################################
'..#..'..#__#§§§@2§#).#§§§§'.§§§§
#.)').#..'..☼☼§#§☼§##'#§####..§§§
##'#####'#__####☼§☼'..#§#,*##§.§#
#..#...#.####..#####..§§#+*$###+#
####..##.#§§≈.§#..##§####^.$#y#.#
___##'#§.'§§§§§§.§#...^^#..$###..
∩...'..§_#§§§§.#..#..°°.'2.$2$##.
.__##_.#'##§#####'###^).#^....#..
___###'#.#....###.'.#.^.#*#++##.#


You could see a lorocyproca (invisible).

Vanquished Creatures
  A deep elf master archer (D)
  A deep elf annihilator (D)
  A hydra (D)
  2 centaur warriors (D)
  Sonja (D)
  A deep troll (D)
  2 unseen horrors (D)
  A lindwurm (D)
  8 shining eyes (D)
  An oklob plant (D)
  2 merfolk sirens (D)
  2 gargoyles (D)
  2 kobold demonologists (D)
  4 demonic crawlers (D)
  A hellwing (D)
  5 hornets (D)
  A slime creature (D)
  2 redbacks (D)
  A yak (D)
  Sigmund (D)
  13 hogs (D)
  7 floating eyes (D)
  An ogre (D)
  7 necrophages (D)
  8 jellies (D)
  Ijyb (D)
  2 ballistomycete spores (D)
79 creatures vanquished.

Notes
Turn   | Place    | Note
-------+----------+-------------------------------------------
     0 | D        | jfcaron the Spriggan Enchanter began the quest for the Orb.
     0 | D        | Reached XP level 1. HP: 9/9 MP: 5/5
     1 | D        | Noticed Ijyb
    10 | D        | Killed Ijyb
    10 | D        | Reached skill level 5 in Stealth
    10 | D        | Reached XP level 2. HP: 13/13 MP: 5/8
    18 | D        | Learned a level 2 spell: Ensorcelled Hibernation
    48 | D        | Noticed an ogre
    56 | D        | Killed an ogre
    56 | D        | Reached skill level 7 in Stealth
    56 | D        | Reached skill level 5 in Spellcasting
    56 | D        | Reached skill level 5 in Hexes
    56 | D        | Reached XP level 3. HP: 16/16 MP: 2/10
    56 | D        | Reached XP level 4. HP: 21/21 MP: 2/12
    61 | D        | Learned a level 3 spell: Tukima's Dance
    65 | D        | Learned a level 3 spell: Confusing Touch
    69 | D        | Learned a level 3 spell: Dazzling Flash
   137 | D        | Noticed Sigmund
   140 | D        | Killed Sigmund
   140 | D        | Reached skill level 5 in Short Blades
   140 | D        | Reached skill level 8 in Stealth
   140 | D        | Reached XP level 5. HP: 24/24 MP: 10/14
   179 | D        | Found an ornate altar of the Wu Jian Council.
   179 | D        | Found a shimmering blue altar of Sif Muna.
   181 | D        | Found a radiant altar of Vehumet.
   185 | D        | Reached skill level 10 in Dodging
   185 | D        | Reached skill level 9 in Stealth
   185 | D        | Reached XP level 6. HP: 28/28 MP: 16/16
   195 | D        | Became a worshipper of the Wu Jian Council
   211 | D        | Found Eteir's Antique Weapon Emporium.
   211 | D        | Found an ancient bone altar of Kikubaaqudgha.
   211 | D        | Found a hazy altar of Hepliaklqana.
   211 | D        | Found a stormy altar of Qazlal.
   211 | D        | Found a hide-covered altar of Uskayaw.
   211 | D        | Found a blossoming altar of Fedhas.
   211 | D        | Found a bloodstained altar of Trog.
   211 | D        | Found an iron altar of Okawaru.
   211 | D        | Found a basalt altar of Yredelemnul.
   211 | D        | Found a glowing golden altar of the Shining One.
   211 | D        | Found a snail-covered altar of Cheibriados.
   211 | D        | Found a sacrificial altar of Ru.
   211 | D        | Found a glowing silver altar of Zin.
   211 | D        | Found a shadowy altar of Dithmenos.
   211 | D        | Found a white marble altar of Elyvilon.
   211 | D        | Noticed a yak
   212 | D        | Found an opulent altar of Gozag.
   213 | D        | Killed a yak
   213 | D        | Reached skill level 10 in Stealth
   213 | D        | Reached skill level 1 in Conjurations
   214 | D        | Found a sparkling altar of Nemelex Xobeh.
   224 | D        | Noticed Sonja
   227 | D        | Killed Sonja
   227 | D        | Reached skill level 13 in Stealth
   227 | D        | Reached XP level 7. HP: 32/32 MP: 17/17
   227 | D        | Reached XP level 8. HP: 36/36 MP: 18/18
   257 | D        | Noticed a centaur warrior
   261 | D        | Noticed a centaur warrior
   266 | D        | Found a burning altar of Makhleb.
   266 | D        | Found a viscous altar of Jiyva.
   266 | D        | Found a shimmering altar of Xom.
   266 | D        | Found a corrupted altar of Lugonu.
   266 | D        | Noticed a slime creature
   268 | D        | Killed a slime creature
   268 | D        | Reached * piety under Wu Jian
   281 | D        | Noticed a kobold demonologist
   282 | D        | Noticed a kobold demonologist
   284 | D        | Killed a kobold demonologist
   284 | D        | Reached skill level 14 in Stealth
   287 | D        | Killed a kobold demonologist
   287 | D        | Reached ** piety under Wu Jian
   287 | D        | Reached skill level 15 in Dodging
   287 | D        | Reached skill level 15 in Stealth
   287 | D        | Reached skill level 10 in Hexes
   293 | D        | Noticed a demonic crawler
   293 | D        | Noticed a demonic crawler
   293 | D        | Noticed a demonic crawler
   293 | D        | Noticed a demonic crawler
   294 | D        | Killed a demonic crawler
   294 | D        | Reached skill level 1 in Fighting
   294 | D        | Reached skill level 16 in Stealth
   294 | D        | Reached XP level 9. HP: 42/42 MP: 19/19
   295 | D        | Killed a demonic crawler
   296 | D        | Killed a demonic crawler
   296 | D        | Reached *** piety under Wu Jian
   296 | D        | Reached skill level 17 in Stealth
   297 | D        | Killed a demonic crawler
   297 | D        | Reached skill level 10 in Short Blades
   314 | D        | Noticed a lindwurm
   315 | D        | Killed a lindwurm
   315 | D        | Reached skill level 18 in Stealth
   327 | D        | Reached **** piety under Wu Jian
   329 | D        | Reached skill level 19 in Stealth
   332 | D        | Reached skill level 5 in Fighting
   334 | D        | Reached XP level 10. HP: 51/51 MP: 12/20
   343 | D        | Reached ***** piety under Wu Jian
   343 | D        | Reached skill level 20 in Stealth
   591 | D        | Reached skill level 21 in Stealth
   656 | D        | Noticed a daeva
   664 | D        | Noticed a 12-headed hydra
   665 | D        | Killed a 12-headed hydra
   694 | D        | Noticed a gargoyle
   697 | D        | Killed a gargoyle
   697 | D        | Reached skill level 22 in Stealth
   725 | D        | Noticed a deep troll
   727 | D        | Killed a deep troll
   765 | D        | Found Kecwya's Armour Emporium.
   770 | D        | Got a jewelled rapier
   774 | D        | Bought +1 steam dragon scales for 611 gold pieces
   774 | D        | Bought a +1 cloak of magic resistance for 214 gold pieces
   803 | D        | Killed a centaur warrior
   803 | D        | Reached ****** piety under Wu Jian
   803 | D        | Reached skill level 15 in Hexes
   809 | D        | Killed a centaur warrior
   809 | D        | Reached skill level 1 in Armour
   809 | D        | Reached XP level 11. HP: 56/56 MP: 10/21
   856 | D        | Noticed an oklob plant
   857 | D        | Killed an oklob plant
   893 | D        | Noticed an unseen horror
   893 | D        | Noticed an unseen horror
   898 | D        | Killed an unseen horror
   899 | D        | Killed an unseen horror
   987 | D        | Found Loshros's Distillery.
  1005 | D        | Found Makapam's Antique Weapon Boutique.
  1011 | D        | Found Boing's Assorted Antiques.
  1088 | D        | Found Jocilain's Jewellery Emporium.
  1088 | D        | Found Emurid's Jewellery Shop.
  1088 | D        | Found Fiynaruph's Armour Shoppe.
  1088 | D        | Found Sipaoniw's Armour Boutique.
  1088 | D        | Found Saclamn's Antique Weapon Emporium.
  1088 | D        | Found Qanolim's Assorted Antiques.
  1088 | D        | Found Touxzin's Book Shoppe.
  1092 | D        | Found Daixtoc's Distillery.
  1093 | D        | Found Funex's Antique Armour Emporium.
  1093 | D        | Found Sonaog's Assorted Antiques.
  1094 | D        | Found Nics's Magic Scroll Emporium.
  1102 | D        | Bought a scroll of identify for 26 gold pieces
  1102 | D        | Bought a scroll of remove curse for 39 gold pieces
  1102 | D        | Identified the +2 rapier of Abiaxac {drain, rF++ Dex+4}
                  | (You found it in the Dungeon)
  1130 | D        | Bought a golden potion for 17 gold pieces
  1130 | D        | Bought a scroll labeled YMIOCU BOAHA for 19 gold pieces
  1137 | D        | Bought a puce potion for 19 gold pieces
  1137 | D        | Bought a ruby potion for 19 gold pieces
  1137 | D        | Bought a ruby potion for 19 gold pieces
  1137 | D        | Bought a scroll labeled YMIOCU BOAHA for 22 gold pieces
  1137 | D        | Bought a scroll labeled YMIOCU BOAHA for 22 gold pieces
  1147 | D        | Bought a scroll labeled WUDIOJITRO for 23 gold pieces
  1147 | D        | Bought an orange potion for 20 gold pieces
  1147 | D        | Bought a bubbling puce potion for 20 gold pieces
  1148 | D        | Bought a scroll of identify for 26 gold pieces
  1148 | D        | Bought a scroll of identify for 26 gold pieces
  1148 | D        | Bought a scroll of identify for 26 gold pieces
  1152 | D        | Bought a scroll of identify for 38 gold pieces
  1156 | D        | Bought a scroll of fog for 26 gold pieces
  1160 | D        | Bought a potion of heal wounds for 95 gold pieces
  1333 | D        | Bought a potion of might for 44 gold pieces
  1333 | D        | Bought a potion of resistance for 110 gold pieces
  1342 | D        | Bought a scroll of identify for 46 gold pieces
  1389 | D        | Found Hyajaeni's Distillery.
  1403 | D        | Noticed a shining eye
  1403 | D        | Noticed a shining eye
  1403 | D        | Noticed a shining eye
  1569 | D        | Gained mutation: You are frail. (-10% HP) [a shining eye]
  1590 | D        | Gained mutation: You are dopey. (Int -2) [a shining eye]
  1592 | D        | Gained mutation: Armour fits poorly on your strangely
                  | shaped body. [a shining eye]
  1599 | D        | Gained mutation: You are clumsy. (Dex -2) [a shining eye]
  1601 | D        | Killed a shining eye
  1632 | D        | Gained mutation: You are weak. (Str -2) [a shining eye]
  1637 | D        | Killed a shining eye
  1668 | D        | Paralysed by a floating eye for 3 turns
  1712 | D        | Lost mutation: You are weak. (Str -2) [a shining eye]
  1717 | D        | Killed a shining eye
  1725 | D        | Noticed a shining eye
  1725 | D        | Noticed a shining eye
  1725 | D        | Noticed a shining eye
  1737 | D        | Killed a shining eye
  1737 | D        | Reached skill level 23 in Stealth
  1737 | D        | Noticed a shining eye
  1737 | D        | Noticed a shining eye
  1739 | D        | Killed a shining eye
  1740 | D        | Gained mutation: You are very frail. (-20% HP) [a shining
                  | eye]
  1765 | D        | Gained mutation: You tend to lose your temper in combat. [a
                  | shining eye]
  1776 | D        | Killed a shining eye
  1838 | D        | Killed a shining eye
  1843 | D        | Killed a shining eye
  1861 | D        | Lost mutation: You are clumsy. (Dex -2) [potion of
                  | mutation]
  1861 | D        | Lost mutation: You are dopey. (Int -2) [potion of mutation]
  1861 | D        | Lost mutation: You are very frail. (-20% HP) [potion of
                  | mutation]
  1861 | D        | Gained mutation: You evolve. [potion of mutation]
  1861 | D        | Gained mutation: You are resistant to hostile enchantments.
                  | (MR+) [potion of mutation]
  1862 | D        | Lost mutation: You are frail. (-10% HP) [potion of
                  | mutation]
  1862 | D        | Lost mutation: Armour fits poorly on your strangely shaped
                  | body. [potion of mutation]
  1862 | D        | Lost mutation: You evolve. [potion of mutation]
  1862 | D        | Lost mutation: You are resistant to hostile enchantments.
                  | (MR+) [potion of mutation]
  1862 | D        | Gained mutation: Your magical capacity is low. (-10% MP)
                  | [potion of mutation]
  1862 | D        | Gained mutation: You have large cloven feet. [potion of
                  | mutation]
  1939 | D        | Bought a potion of flight for 30 gold pieces
  1950 | D        | Found Weam's Weapon Shoppe.
  1950 | D        | Found Rybiter's Jewellery Emporium.
  1951 | D        | Found Pyghuv's Magic Scroll Shop.
  1951 | D        | Found Kaazaklior's Distillery.
  2024 | D        | Noticed a deep elf annihilator
  2043 | D        | Killed a deep elf annihilator
  2047 | D        | Reached skill level 5 in Ice Magic
  2047 | D        | Reached XP level 12. HP: 64/64 MP: 18/20
  2109 | D        | Noticed a mummy priest
  2248 | D        | Bought a scroll of magic mapping for 42 gold pieces
  2249 | D        | Bought a scroll of blinking for 90 gold pieces
  2350 | D        | Bought a potion of degeneration for 14 gold pieces
  2350 | D        | Bought a potion of heal wounds for 70 gold pieces
  2631 | D        | Bought a potion of mutation for 88 gold pieces
  2631 | D        | Lost mutation: You have large cloven feet. [potion of
                  | mutation]
  2631 | D        | Lost mutation: Your magical capacity is low. (-10% MP)
                  | [potion of mutation]
  2631 | D        | Lost mutation: You tend to lose your temper in combat.
                  | [potion of mutation]
  2631 | D        | Gained mutation: You are frail. (-10% HP) [potion of
                  | mutation]
  2631 | D        | Gained mutation: You have a pair of small horns on your
                  | head. [potion of mutation]
  2631 | D        | Gained mutation: You tend to lose your temper in combat.
                  | [potion of mutation]
  2631 | D        | Gained mutation: You are agile. (Dex +2) [potion of
                  | mutation]
  2676 | D        | Bought a potion of heal wounds for 50 gold pieces
  2676 | D        | Bought a potion of lignification for 30 gold pieces
  2736 | D        | Noticed a shadow dragon
  2739 | D        | Noticed a golden dragon
  2843 | D        | Killed a deep elf master archer
  2908 | D        | Noticed a lorocyproca
  2942 | D        | HP: 7/57 [lorocyproca (15)]
  2954 | D        | HP: 6/57 [lorocyproca (20)]
  2957 | D        | Slain by a lorocyproca

Illustrated notes

Levels and vault maps discovered:
D:        dungeon_sprint_1 [red_sonja_temple_1, red_sonja_temple_small_1]

Skill      XL: |  1  2  3  4  5  6  7  8  9 10 11 |
---------------+----------------------------------+-----
Short Blades   | 2 4 5 7 9 10 12 | 12.4
Dodging        | 4 7 9 10 13 15 17 | 17.4
Stealth        | 5 7 8 9 13 16 19 22 23 | 23.6
Spellcasting   | 4 5 6 |  6.3
Hexes          | 4 5 6 7 9 10 11 15 16 | 16.8
Ice Magic      | 2 3 5 |  5.0
Conjurations   | 3 |  3.0
Fighting       | 1 5 7 |  7.9
Armour         | 1 3 |  3.7

Action                   |  1- 3 |  4- 6 |  7- 9 | 10-12 || total
-------------------------+-------+-------+-------+-------++-------
Melee: Dagger            |     9 |     4 |    14 |    62 ||    89
       Rapier            |       |       |       |   126 ||   126
       Kick              |       |       |       |    16 ||    16
       Headbutt          |       |       |       |     7 ||     7
Throw: Dart              |       |       |       |     6 ||     6
       Stone             |       |       |       |    12 ||    12
 Cast: Corona            |     1 |       |       |     4 ||     5
       Ensorcelled Hiber |     3 |     1 |     4 |    24 ||    32
       Confusing Touch   |       |       |       |     8 ||     8
       Dazzling Flash    |       |       |       |     2 ||     2
       Tukima's Dance    |       |       |       |     1 ||     1
Invok: Lunge             |       |     1 |     8 |    29 ||    38
       Whirlwind         |       |       |       |     3 ||     3
       Serpent's Lash    |       |       |       |    17 ||    17
       Heavenly Storm    |       |       |       |     1 ||     1
  Use: Potion            |     1 |       |       |     7 ||     8
       Scroll            |       |       |       |    13 ||    13
 Stab: Sleeping          |     1 |     4 |    14 |    36 ||    55
       Distracted        |       |       |       |     2 ||     2
       Confused          |       |       |       |     7 ||     7
Armor: Steam dragon scal |       |       |       |     8 ||     8
Dodge: Dodged            |     6 |       |       |    68 ||    74

Table legend: (Time is in decaauts)
 A = Elapsed time spent in this place.
 B = Non-inter-level travel time spent in this place.
 C = Inter-level travel time spent in this place.
 D = Time resting spent in this place.
 E = Time spent auto-exploring this place.
 F = Levels seen in this place.
 G = Mean time per level.
                   A        B        C        D        E       F      G
               +--------+--------+--------+--------+--------+-----+--------+
         Total |   2378 |   1971 |    407 |   1116 |      0 |   1 | 2378.0 |
       Dungeon |   2378 |   1971 |    407 |   1116 |      0 |   1 | 2378.0 |
               +--------+--------+--------+--------+--------+-----+--------+

Top non-repeatable levels by time:
       D: 2378 daAuts
